 Dungeon Crawl Stone Soup version 0.31-a0-543-geaa9c7a2c0 (webtiles) character file.

Game seed: 3030238969038789367

35 Ethylacetat the Ducker (level 3, -10/25 HPs)
             Began as an Octopode Gladiator on Aug 15, 2023.
             Mangled by an ogre
             ... wielding a +0 giant spiked club
              (16 damage)
             ... on level 2 of the Dungeon.
             The game lasted 00:01:32 (1021 turns).

Ethylacetat the Ducker (Octopode Gladiator)         Turns: 1021, Time: 00:01:32

Health: -10/25     AC:  1    Str: 13    XL:     3   Next: 35%
Magic:  3/3        EV: 14    Int: 10    God:
Gold:   15         SH:  0    Dex: 15    Spells: 2/2 levels left

rFire   . . .        a - +0 rapier
rCold   . . .        (no shield)
rNeg    . . .        b - +0 hat
rPois   .            (no amulet)
rElec   .            (no ring)
rCorr   .            (no ring)
SInv    .            (no ring)
Will    .....        (no ring)
Stlth   ++           (no ring)
HPRegen 0.24/turn    (no ring)
MPRegen 0.08/turn    (no ring)
                     (no ring)

%: no passive effects
@: no status effects
A: almost no armour, amphibious, 8 rings, camouflage 1, gelatinous body 1,
(nimble swimmer 1), tentacles
a: no special abilities


You were on level 2 of the Dungeon.
You visited 1 branch of the dungeon, and saw 2 of its levels.

You collected 15 gold pieces.

Inventory:

Hand Weapons
 a - a +0 rapier (weapon)
Missiles
 c - 2 throwing nets (quivered)
 d - a javelin
Armour
 b - a +0 hat (worn)
Talismans
 e - a dragon-blood talisman
Scrolls
 g - a scroll of noise {unknown}
 h - a scroll of immolation {unknown}
 j - 2 scrolls of poison {unknown}
 l - a scroll of fog {unknown}
 n - a scroll of brand weapon {unknown}
Potions
 f - a potion of brilliance {unknown}
 i - a potion of mutation {unknown}
 k - a potion of cancellation {unknown}
 m - a potion of degeneration {unknown}
 o - a potion of ambrosia {unknown}


   Skills:
 + Level 2.4 Fighting
 - Level 3.0 Short Blades
 - Level 2.0 Throwing
 + Level 3.3 Dodging
 + Level 0.0 Unarmed Combat
 * Level 1.5 Shapeshifting


You had 2 spell levels left.
You didn't know any spells.
Your spell library contained the following spells:

 Spells                   Type           Power      Damage    Failure   Level
 Slow                     Hex            0%         N/A       36%         1
 Confusing Touch          Hex            0%         N/A       75%         3
 Vampiric Draining        Necr           0%         2d6       75%         3


Dungeon Overview and Level Annotations

Branches:
Dungeon (2/15)

Altars:


Innate Abilities, Weirdness & Mutations

You cannot wear most types of armour.
You are amphibious.
You can wear up to eight rings at the same time.
Your skin changes colour to match your surroundings (Stealth+).
Your rubbery body absorbs attacks. (AC +1, EV +1)
((You are camouflaged when in or above water. (Stealth+)))
You have tentacles for arms and can constrict up to eight enemies at once.


Message History

No target in view!
Found a stone staircase leading up.
No target in view!
An ogre comes into view. It is wielding a +0 giant spiked club.
The ogre shouts!
An ogre is nearby!
The ogre misses you.
An ogre is nearby!
You completely miss the ogre. You squeeze the ogre.
The ogre is lightly wounded.
The ogre hits you with a +0 giant spiked club!!
Ouch! That really hurt!
* * * LOW HITPOINT WARNING * * *
Throw: 3 throwing nets
Press: ? - help, Q - select action, (/) - cycle Shift-Dir - straight line, f - ogre
Aim: an ogre, wielding a +0 giant spiked club (lightly wounded, 73% to hit)
You throw a throwing net. The throwing net hits the ogre.
The ogre is caught in the net!
The ogre is lightly wounded.
You hit the ogre but do no damage.
The ogre is lightly wounded.
The ogre struggles against the net.
You hit the ogre.
The ogre is moderately wounded.
The ogre struggles against the net. x2
You hit the ogre.
The ogre is moderately wounded.
The ogre struggles against the net.
You hit the ogre but do no damage. You squeeze the ogre, but do no damage.
The ogre is moderately wounded.
The ogre struggles against the net.
You hit the ogre but do no damage.
The ogre is moderately wounded.
The ogre struggles against the net.
The net rips apart, and the ogre comes free!
You hit the ogre. You squeeze the ogre!
The ogre is almost dead.
The ogre hits you with a +0 giant spiked club!
Ouch! That really hurt!
You die...

########################
......O@...............#
..####################.#
#............... #.#
####....####### #.# ###########
##)#.#### #.# #.........# #.#....#
#.#
#.)..#....#####.####.########.#.#
#.#..#..#.#...................#.#
#.#..#ยงยง#.#..##.######.########.#


You could see an ogre.

Vanquished Creatures
  An adder (D:2)
  3 ball pythons
  3 bats
  3 endoplasms (D:1)
  2 giant cockroaches (D:1)
  3 goblins
  2 hobgoblins (D:1)
  2 quokkas (D:1)
  A frilled lizard (D:2)
  3 rats
23 creatures vanquished.

Notes
Turn   | Place    | Note
-------+----------+-------------------------------------------
     0 | D:1      | Ethylacetat the Octopode Gladiator began the quest for the
                  | Orb.
     0 | D:1      | Reached XP level 1. HP: 14/14 MP: 1/1
   222 | D:1      | Reached XP level 2. HP: 18/19 MP: 2/2
   312 | D:1      | Reached skill level 1 in Shapeshifting
   724 | D:2      | Reached XP level 3. HP: 13/25 MP: 3/3
   899 | D:2      | Found a faded altar of an unknown god.
  1010 | D:2      | Noticed an ogre
  1021 | D:2      | Mangled by an ogre

Illustrated notes

Levels and vault maps discovered:
D:1:      minmay_arrival_four_loops, layout_loops_ring
D:2:      layout_basic, basic_altar, shapermc_ecumenical_altar_notcrosses,
          serial_shops, nicolae_shop_hallway_stairs, grunt_ministairs_9,
          reono_crystal_passage, minmay_increasing_density

Skill      XL: |  1  2 |
---------------+-------+-----
Shapeshifting  | 1 |  1.5
Fighting       | |  2.4
Short Blades   | |  3.0
Throwing       | |  2.0
Dodging        | |  3.3

Action                     || total
---------------------------++-------
  Melee: Rapier            ||    50
         Constrict         ||    10
         Tentacles         ||     8
         Punch             ||     2
  Throw: Throwing net      ||     1
   Stab: Sleeping          ||    10
 Armour: Skin              ||     2
  Dodge: Dodged            ||    16

Table legend: (Time is in decaauts)
 A = Elapsed time spent in this place.
 B = Non-inter-level travel time spent in this place.
 C = Inter-level travel time spent in this place.
 D = Time resting spent in this place.
 E = Time spent auto-exploring this place.
 F = Levels seen in this place.
 G = Mean time per level.
                   A        B        C        D        E       F      G
               +--------+--------+--------+--------+--------+-----+--------+
         Total |   1023 |   1006 |     17 |      0 |    836 |   2 |  511.5 |
       Dungeon |   1023 |   1006 |     17 |      0 |    836 |   2 |  511.5 |
               +--------+--------+--------+--------+--------+-----+--------+

Top non-repeatable levels by time:
     D:1: 691 daAuts
     D:2: 332 daAuts
